Map: Catalyst LE

Players

Scarlett - Winner!

  • Race: Zerg Zerg
  • League: Master
  • Spawn Location: 11:00

HuT

  • Race: Terran Terran
  • Spawn Location: 5:00

Event: WESG 2017 Haikou

VOD

Have the link to the VOD?

Description

Time

  • Played on: March 13, 2018, 7:01 a.m.
  • Length: 8:59

All games in this series

Show
View Real Time Build Order
Export as new Build Order

Scarlett Zerg - Winner!

Build Orders: Pool First, Roach Hydra 

Get SALT Encoding   

  12  0:00  Drone  
  13  0:12  Overlord  
  13  0:17  Drone  
  14  0:30  Drone x2  
  16  0:41  Spawning Pool  
  15  0:44  Drone  
  15  0:48  Drone  
  17  0:56  Drone  
  18  1:12  Hatchery  
  17  1:27  Zergling x6  
  17  1:30  Queen  
  22  1:33  Extractor  
  22  1:38  Drone  
  22  1:49  Overlord  
  22  2:06  Queen  
  24  2:10  Drone  
  25  2:16  Drone  
  26  2:23  Queen  
  26  2:25  Drone x2  
  30  2:38  Drone x2  
  30  2:42  Drone x3  
  34  2:54  Drone x2  
  34  2:55  Drone  
  34  2:56  Drone  
  36  2:59  Metabolic Boost  
  36  3:07  Overlord  
  36  3:12  Hatchery  
  35  3:15  Drone  
  35  3:16  Overlord  
  36  3:26  Drone x4  
  40  3:28  Drone  
  40  3:29  Extractor  
  40  3:33  Drone x2  
  42  3:39  Drone x2  
  44  3:42  Overlord  
  44  3:45  Zergling x2  
  44  3:46  Zergling x4  
  47  3:48  Zergling x2  
  47  3:54  Zergling x4  
  50  3:57  Queen  
  52  4:03  Drone x2  
  52  4:04  Drone  
  52  4:08  Extractor, Lair  
  54  4:11  Drone  
  54  4:28  Drone x8  
  60  4:34  Evolution Chamber  
  60  4:35  Evolution Chamber  
  60  4:36  Drone x4  
  62  4:42  Queen  
  62  4:45  Overlord  
  64  4:48  Spore Crawler  
  64  4:49  Drone x2  
  65  4:54  Spore Crawler x2  
  65  4:56  Drone x2  
  65  5:02  Zerg Ground Armor Level 1  
  65  5:05  Zerg Missile Weapons Level 1  
  65  5:07  Overseer  
  65  5:08  Drone x2  
  67  5:14  Overlord  
  67  5:19  Drone  
  67  5:21  Roach Warren  
  67  5:25  Overlord x2  
  67  5:33  Hydralisk Den, Extractor  
  67  5:34  Drone x3  
  67  5:35  Drone x3  
  71  5:36  Drone x3  
  71  5:39  Zergling x2  
  71  5:40  Overlord  
  71  5:42  Extractor x2  
  72  5:45  Zergling x2  
  72  5:46  Zergling x2  
  72  5:49  Zergling x8  
  77  5:54  Drone  
  77  5:55  Drone x2  
  80  6:05  Drone x6  
  80  6:06  Glial Reconstitution  
  80  6:08  Muscular Augments  
  80  6:09  Overlord  
  80  6:10  Roach x2  
  90  6:18  Drone  
  90  6:19  Drone x2  
  90  6:21  Roach  
  90  6:24  Roach  
  97  6:32  Roach x4  
  105  6:33  Overlord x2  
  105  6:40  Overlord  
  105  6:41  Overlord  
  105  6:51  Overlord x4  
  105  6:52  Overlord  
  105  6:55  Hatchery  
  104  7:05  Hydralisk x2  
  108  7:14  Hydralisk x2, Roach x3  
  118  7:19  Grooved Spines  
  117  7:25  Roach x5  
  117  7:26  Roach x2  
  131  7:30  Overlord x2  
  131  7:31  Overlord  
  131  7:36  Hydralisk x2  
  133  7:40  Hydralisk x2  
  139  7:54  Hydralisk x7  
  155  7:58  Roach  
  155  8:01  Roach x2  
  155  8:02  Roach  
  161  8:06  Roach x2  
  165  8:17  Roach x6  
  165  8:19  Queen  
  174  8:33  Drone  
  174  8:34  Drone  
  176  8:35  Spawning Pool  
  176  8:38  Roach x4  
  176  8:39  Roach  
  185  8:52  Ravager  
  185  8:55  Ravager x2  
Show
View Real Time Build Order
Export as new Build Order

HuT Terran 

Build Orders: Reaper Expand, Hellion Banshee, MMM Bio 

Get SALT Encoding   

  12  0:00  SCV  
  13  0:13  SCV  
  14  0:18  Supply Depot  
  14  0:25  SCV  
  15  0:39  SCV  
  15  0:41  Barracks  
  16  0:45  Refinery  
  16  0:51  SCV  
  17  1:03  SCV  
  18  1:16  SCV  
  19  1:28  Reaper  
  19  1:29  Orbital Command  
  20  1:43  Command Center  
  20  1:55  SCV  
  20  1:56  Supply Depot  
  20  2:00  Marine  
  22  2:07  SCV  
  23  2:12  Factory  
  23  2:18  Refinery  
  23  2:19  SCV  
  23  2:22  Barracks Reactor  
  24  2:31  SCV  
  25  2:37  Bunker  
  25  2:43  SCV  
  23  2:55  SCV  
  23  3:05  Starport  
  23  3:06  Hellion  
  23  3:07  SCV  
  23  3:10  Hellion  
  28  3:19  Orbital Command  
  29  3:20  SCV  
  29  3:23  Barracks Tech Lab  
  29  3:30  Hellion  
  29  3:32  SCV  
  32  3:35  Hellion  
  34  3:44  SCV  
  34  3:45  SCV  
  34  3:48  Banshee  
  39  3:56  SCV  
  39  3:59  SCV  
  43  4:03  Hellion, Supply Depot  
  43  4:08  SCV  
  44  4:11  Barracks Tech Lab  
  44  4:13  SCV  
  45  4:20  SCV  
  46  4:25  SCV  
  46  4:30  Marine  
  46  4:31  Hellion x2, Stimpack  
  44  4:32  SCV  
  44  4:35  Viking  
  44  4:37  SCV  
  48  4:40  Supply Depot  
  48  4:44  SCV  
  49  4:49  SCV  
  54  4:53  Hellion x2  
  54  5:01  SCV, Supply Depot  
  54  5:05  Command Center  
  55  5:07  Command Center  
  55  5:12  SCV  
  55  5:13  SCV, Marine  
  58  5:19  Starport Reactor  
  58  5:24  SCV  
  58  5:25  SCV  
  60  5:29  Barracks  
  60  5:32  Barracks  
  60  5:34  Supply Depot  
  60  5:36  SCV  
  60  5:37  SCV  
  62  5:44  Marine  
  62  5:45  Engineering Bay  
  62  5:48  SCV, Engineering Bay  
  62  5:49  Supply Depot  
  65  5:50  SCV  
  65  5:53  Factory Reactor  
  65  6:00  SCV  
  65  6:01  Marine  
  65  6:02  SCV  
  68  6:04  Barracks  
  68  6:05  Starport Reactor  
  68  6:06  Barracks  
  66  6:12  SCV, Refinery  
  66  6:13  Refinery  
  66  6:14  SCV  
  66  6:16  Marine  
  69  6:19  Marine  
  69  6:21  Terran Infantry Weapons Level 1, Terran Infantry Armor Level 1  
  69  6:23  Marine  
  71  6:29  Orbital Command  
  71  6:31  SCV  
  71  6:32  Marine, Supply Depot  
  72  6:36  Marine  
  72  6:37  Marine  
  72  6:38  SCV  
  72  6:39  Marine  
  77  6:43  Medivac  
  77  6:46  Medivac  
  81  6:49  Marine  
  81  6:50  Marine  
  83  6:55  Barracks Reactor  
  83  6:59  Orbital Command, Barracks Reactor  
  83  7:00  SCV x2  
  85  7:03  Marine x2  
  85  7:08  Marine  
  87  7:09  Siege Tank  
  87  7:14  Combat Shields  
  91  7:16  SCV  
  91  7:17  SCV  
  91  7:21  Marine x2  
  91  7:22  Medivac x2  
  99  7:25  SCV  
  99  7:28  SCV  
  101  7:30  SCV  
  101  7:32  Supply Depot  
  101  7:36  Marine x5  
  107  7:45  Marine  
  107  7:46  Marine  
  109  7:51  Supply Depot  
  109  7:52  Supply Depot  
  109  7:53  SCV, Siege Tank, Marine x2  
  109  7:55  Supply Depot  
  115  8:00  Marine  
  115  8:01  Marine  
  117  8:07  Supply Depot  
  117  8:13  SCV x2, Marine x7  
  117  8:18  Marine x2  
  126  8:27  Medivac x2  
  126  8:30  Marine x6  
  126  8:31  Refinery, Marine  
  126  8:34  Refinery  
  137  8:35  SCV x2  
  137  8:36  Marine x2  
  133  8:42  Supply Depot  
  133  8:47  SCV x2  
Tags
 
Add a new tag
Caveats
  • Supply blocks, unpowered buildings, or Contaminate may cause inaccurate times.
  • Supply counts are checked every 10 seconds.